Workbook

Sheet Feuil1
A1: Référence | B1: Nom Technicien | C1: Nom Prénom Client Livré
A2: R002517905 | B2: HOUZET Grégory (9) LO/TV/DO/IC | C2: BURBIDGE laurence
A3: R002572071 | B3: DEPREUX Nicolas (9) TV | C3: DUVIVIER CHRISTIAN
A4: R002876593 | B4: LEGRAND Mathieu (9) DO/IC | C4: PECOU DANIEL
A5: R003175240 | B5: VAN DEN DRIESSCHE Vincent (9)/DO/AT/IC | C5: VERHAEGHE PATRICE
A6: R003232081 | B6: SFAIHI Mustapha (9) LO/TV/DO/AT | C6: DEBAECKER GUY
A7: R003630308 | B7: DE LENNE Michaël (10)AT/DO/IC | C7: DAVAIN GERARD
A8: R003651751 | B8: DEPREUX Nicolas (9) TV | C8: MAIRIE DE WAZIERS LE RESPONSABLE
A9: R003725035 | B9: LAMBRIQUET Marc (9) | C9: DEPATURE MICHEL
A10: R003740330 | B10: PARMENTIER Alexandre (9) TV/DO/IC | C10: VAUDION BERNARD
A11: R003948875 | B11: COCHEZ Sébastien (10)/DO/AT | C11: CHEVERT REGINE
A12: R003999251 | B12: ZORE Laurent (8) BL/DO/AT/IC/VE | C12: OZOUF MONIQUE
... A11645: R006112388 | B11645: OUDIN Fabien (8) DO/TV/IC/LO | C11645: BRECVILLE VIRGINIE

Sheet Feuil2
A1: Recommandation | B1: Satisfaction | C1: Commentaires Client | D1: Avis | E1: Référence | F1: Technicien | G1: client
A2: Détracteur | B2: 1 etoile | C2: sav venu le 060919 cave à vins réparée depuis le 27sept confirmé par téléphone et toujours pas livrée | D2: Délais respectés -,Avis sur le personnel - | E2: R005956874 | F2: =VLOOKUP(E2,Feuil1!$A$2:$C$11645,2,FALSE) -> #N/A | G2: =VLOOKUP(E2,Feuil1!$A$2:$C$11645,3,FALSE) -> #N/A
A3: Détracteur | B3: 1 etoile | C3: Le technicien est repartit sans constater de panne malgré mes explications et 2 jours après mon matériel ne démarre plus du tout Rappel au sav résultat 10 jours d’attente pour un nouveau rdv et pas encore réparé | D3: Attente -,Conseils & Solutions -,Problème non résolu - | E3: R006088733 | F3: =VLOOKUP(E3,Feuil1!$A$2:$C$11645,2,FALSE) -> RUBINO Remy (9) IC/TV/DO | G3: =VLOOKUP(E3,Feuil1!$A$2:$C$11645,3,FALSE) -> RUCQUOIS VALERIE
A4: Détracteur | B4: 3 etoiles | C4: Délai d intervention vraiment trop long,,, Surtout que ma machine à laver avait 2 mois | D4: Délais -,Rapidité - | E4: R006043911 | F4: =VLOOKUP(E4,Feuil1!$A$2:$C$11645,2,FALSE) -> VANDEWALLE Pascal (10)/DO/IC | G4: =VLOOKUP(E4,Feuil1!$A$2:$C$11645,3,FALSE) -> MULLIEZ HELENE
A5: Détracteur | B5: 1 etoile | C5: Machine à laver toujours pas réparé | D5: Problème non résolu - | E5: R006091663 | F5: =VLOOKUP(E5,Feuil1!$A$2:$C$11645,2,FALSE) -> ABDOUS Farid (9) | G5: =VLOOKUP(E5,Feuil1!$A$2:$C$11645,3,FALSE) -> CHITEL CHRISTELLE
A6: Promoteur | B6: 1 etoile | C6: Le SAV a été en dessous de tout le dépannage a été plus que laborieux j ai perdu beaucoup de temps et d énergie à tenter de faire le suivi du dépannage, Finalement a accepté l échange de mon appareil ce qui fait oublier les déboires avec le sav | D6: Suivi Client -,Compétences + | E6: R005983729 | F6: =VLOOKUP(E6,Feuil1!$A$2:$C$11645,2,FALSE) -> #N/A | G6: =VLOOKUP(E6,Feuil1!$A$2:$C$11645,3,FALSE) -> #N/A
A7: Détracteur | B7: 3 etoiles | C7: Parce qu il a fallu plusieurs interventions pour déceler et corriger le défaut d un appareil qui n avait pas un an et encore,, attendons de voir si ça s arrêtera là | D7: Qualité Sécurité - | E7: R006056205 | F7: =VLOOKUP(E7,Feuil1!$A$2:$C$11645,2,FALSE) -> RASSLER Sébastien (9) TV/DO/LO/IC | G7: =VLOOKUP(E7,Feuil1!$A$2:$C$11645,3,FALSE) -> TOURRETTE CHRISTIANE
A8: Détracteur | B8: 1 etoile | C8: Plusieurs raisons, J attend toujours que vos services commerciaux me recontactent, | D8: Suivi Client - | E8: R006112128 | F8: =VLOOKUP(E8,Feuil1!$A$2:$C$11645,2,FALSE) -> JACQUEMINET Frédéric(9) LO/TV/DO/IC/AT | G8: =VLOOKUP(E8,Feuil1!$A$2:$C$11645,3,FALSE) -> GILBERT CAROLINE
A9: Détracteur | B9: 2 etoiles | C9: Je ne comprends pas pourquoi des livreurs ne savent pas fixer un joint de réfrigérateur Cela m a à nouveau fait perdre mon temps car il a fallu attendre trois semaines avant d avoir un nouveau joint, L ancien aurait dû être fixé correctement, | D9: Attente - | E9: R006098424 | F9: =VLOOKUP(E9,Feuil1!$A$2:$C$11645,2,FALSE) -> GAUZI Yann (9) TV/AT/DO/IC | G9: =VLOOKUP(E9,Feuil1!$A$2:$C$11645,3,FALSE) -> VIAUD VERONIQUE
A10: Détracteur | B10: 2 etoiles | C10: machine non réparée | D10: Problème non résolu - | E10: R006104058 | F10: =VLOOKUP(E10,Feuil1!$A$2:$C$11645,2,FALSE) -> VASSEUR Thibault (9)/DO/IC | G10: =VLOOKUP(E10,Feuil1!$A$2:$C$11645,3,FALSE) -> BLONDEAU FRANCIS
A11: Neutre | B11: 2 etoiles | C11: les rendez vous non respectés car pas à la bonne adresse alors que bien précisé et en plus on donne numéro de fixe et portable et il note absent ,,,, bien sur s il ne se présente pas à la bonne adresse ensuite la personne qui s est présentée n était pas agr éable du tout, A peine bonjour et au revoir 3 mots déjà très compliqué Alors je recommanderai pour le magasin car très bien accueilli mais SAV zéro | D11: Accueil amabilité +,Délais respectés -,Recommande l enseigne + | E11: R006078314 | F11: =VLOOKUP(E11,Feuil1!$A$2:$C$11645,2,FALSE) -> EGRET Johnny (9) LO/TV | G11: =VLOOKUP(E11,Feuil1!$A$2:$C$11645,3,FALSE) -> MOREAU ANNIE
A12: Neutre | B12: 4 etoiles | C12: Qualite intervention et d elninteevenant mais pas pour procedure et info erronees pour prise de rdv | D12: Conseils & Solutions - | E12: R006094524 | F12: =VLOOKUP(E12,Feuil1!$A$2:$C$11645,2,FALSE) -> PITET Patrick (9) TV/LO/DO/IC/AT | G12: =VLOOKUP(E12,Feuil1!$A$2:$C$11645,3,FALSE) -> PIDOUX SANDRINE
A13: Détracteur | B13: 1 etoile | C13: Nombreuses interventions avant de solutionner la panne le technicien n avait jamais la bonne pièce il avait en moyenne 3 heures de retard sur l horaire annoncé et la finition n a pas été faite, | D13: Problème non résolu - | E13: R006072654 | F13: =VLOOKUP(E13,Feuil1!$A$2:$C$11645,2,FALSE) -> LARUELLE Fabrice (8) LO/TV/DO/IC/AT | G13: =VLOOKUP(E13,Feuil1!$A$2:$C$11645,3,FALSE) -> PILON ALEXANDRE
... A49: Neutre | B49: 4 etoiles | C49: Il a fallu attendre quatorze jours pour la pièce mais la réparation c est correctement passée l intervenant a été au top a l heure et très professionnel | D49: Compétences +,Attente -,Client satisfait + | E49: R006138903 | F49: =VLOOKUP(E49,Feuil1!$A$2:$C$11645,2,FALSE) -> BOURGEOIS Thomas (10)DO/IC | G49: =VLOOKUP(E49,Feuil1!$A$2:$C$11645,3,FALSE) -> ALEKSANDEREK YVES
